 Dungeon Crawl Stone Soup version 0.28.0-43-g3370ac3207 (webtiles) character file.

Game seed: 6272796651540369011

54 pkoi the Gusty (level 3, -4/26 HPs)
             Began as a Draconian Air Elementalist on Mar 14, 2022.
             Killed from afar by an orc wizard (9 damage)
             ... with a puff of flame
             ... on level 2 of the Dungeon.
             The game lasted 00:04:10 (2648 turns).

pkoi the Gusty (Draconian Air Elementalist)         Turns: 2648, Time: 00:04:11

Health: -4/26      AC:  6    Str: 10    XL:     3   Next: 66%
Magic:  1/6        EV: 12    Int: 17    God:
Gold:   151        SH:  0    Dex: 11    Spells: 4/6 levels left

rFire   . . .      SeeInvis .   g - +2 mace (protect)
rCold   . . .      Faith    .   (no shield)
rNeg    . . .      Spirit   .   (armour unavailable)
rPois   .          Reflect  .   (helmet restricted)
rElec   .          Harm     .   h - +0 cloak
rCorr   .          Rampage  .   (no gloves)
Will    .....                   (no boots)
Stlth   ++........              (no amulet)
HPRegen 0.08/turn               (no ring)
MPRegen 0.10/turn               (no ring)

@: no status effects
A: AC +5, unfitting armour, cold-blooded
a: no special abilities


You were on level 2 of the Dungeon.
You visited 1 branch of the dungeon, and saw 3 of its levels.

You collected 151 gold pieces.

Inventory:

Hand Weapons
 b - a +0 whip
 g - a +2 mace of protection (weapon)
Armour
 h - a +0 cloak (worn)
Scrolls
 c - a scroll of blinking {unknown}
 e - a scroll of fear {unknown}
 i - a scroll of identify {unknown}
 j - a scroll of enchant armour {unknown}
Potions
 a - a potion of flight {unknown}
 d - a potion of cancellation {unknown}
 f - a potion of mutation {unknown}


   Skills:
 - Level 1.7 Dodging
 - Level 1.7 Stealth
 - Level 2.0 Spellcasting
 - Level 1.0 Conjurations
 + Level 0.4 Translocations
 + Level 4.6 Air Magic


You had 4 spell levels left.
You knew the following spells:

 Your Spells              Type           Power      Damage    Failure   Level
a - Shock                 Conj/Air       44%        1d5       6%          1
b - Apportation           Tloc           6%         N/A       16%         1

Your spell library contained the following spells:

 Spells                   Type           Power      Damage    Failure   Level
 Swiftness                Air            17%        N/A       9%          3
 Static Discharge         Conj/Air       11%        N/A       10%         2
 Airstrike                Air            8%         N/A       28%         4
 Tukima's Dance           Hex            1%         N/A       50%         3
 Passage of Golubria      Tloc           3%         N/A       85%         4
 Alistair's Intoxication  Tmut/Pois      0%         N/A       99%         5
 Yara's Violent Unravell  Hex/Tmut       0%         3d3       99%         5


Dungeon Overview and Level Annotations

Branches:
Dungeon (3/15)

Altars:

Annotations:
D:2 1 runed translucent door, Crazy Yiuf


Innate Abilities, Weirdness & Mutations

Your plain brown scales are hard. (AC +5)
You cannot fit into any form of body armour.
You are cold-blooded and may be slowed by cold attacks.


Message History

Press: ? - help, Q - select action, (/) - cycle Shift-Dir - straight line The zap hits something but does no damage.
Something hits you.
* * * LOW HITPOINT WARNING * * *
Unknown command.
You closely miss something.
You hear some strange, mumbled words.
Something tries to affect you, but you resist.
Something hits you.
* * * LOW HITPOINT WARNING * * *
You hit something but do no damage.
Your weapon exudes an aura of protection.
You tail-slap something.
You hear some strange, mumbled words.
A puff of flame appears from out of thin air!
The puff of flame hits you but does no damage.
You completely miss something. Something hits you.
* * * LOW HITPOINT WARNING * * *
You hear some strange, mumbled words.
Something tries to affect you, but you resist.
Aiming: Shock (safe; 6% risk of failure)
Press: ? - help, Q - select action, (/) - cycle Shift-Dir - straight line The zap hits something.
You hear some strange, mumbled words.
A magic dart appears from out of thin air!
The magic dart hits you but does no damage.
Unknown command.
You miss something. Something hits you.
* * * LOW HITPOINT WARNING * * *
You miss something. Something hits you.
* * * LOW HITPOINT WARNING * * *
You closely miss something.
You hear some strange, mumbled words.
Something tries to affect you, but you resist.
Something hits you.
* * * LOW HITPOINT WARNING * * *
You hear some strange, mumbled words.
A puff of flame appears from out of thin air!
The puff of flame hits you!
You die...

#........<..#.##.# #
#...#######.#.##.# #
#......###....##.####
##..##.##.....##.#...
#..##...........#.##
#..#####....<####.#
#..# ##.........#
#..#######...####.#
###{.@.........# #.##
#.>.#########..# #...
#.### #..# ##.# #.#
#..# #.# #.# #..# #.#
#.# #..### #.# #.#
#....# #.# #.# ##.#.#
#.#
#.############.#.###.#


There were no monsters in sight!

Vanquished Creatures
  An adder (D:2)
  A dart slug (D:2)
  2 orcs (D:3)
  3 ball pythons (D:1)
  5 endoplasms
  3 giant cockroaches
  A goblin (D:1)
  3 hobgoblins (D:1)
  3 jackals (D:3)
  4 bats (D:1)
  2 frilled lizards (D:1)
  5 kobolds
  5 rats
38 creatures vanquished.

Notes
Turn   | Place    | Note
-------+----------+-------------------------------------------
     0 | D:1      | pkoi the Draconian Air Elementalist began the quest for the
                  | Orb.
     0 | D:1      | Reached XP level 1. HP: 14/14 MP: 3/3
   427 | D:1      | Reached XP level 2. HP: 20/20 MP: 1/5
  1055 | D:1      | Reached skill level 4 in Air Magic
  1386 | D:2      | Reached XP level 3. HP: 26/26 MP: 2/6
  1545 | D:2      | Found a faded altar of an unknown god.
  1638 | D:2      | Found a runed translucent door.
  1639 | D:2      | Noticed Crazy Yiuf
  2533 | D:3      | Learned a level 1 spell: Apportation
  2648 | D:2      | Killed from afar by an orc wizard

Illustrated notes

Levels and vault maps discovered:
D:1:      matt_arrival_spirals, layout_basic
D:2:      layout_loops_ring, chequers_ecumenical_altar_lobes, bh_walls_and_bars,
          uniq_crazy_yiuf_cottage
D:3:      layout_rooms

Skill      XL: |  1  2 |
---------------+-------+-----
Air Magic      | 4 |  4.6
Dodging        | |  1.7
Stealth        | |  1.7
Spellcasting   | |  2.0
Conjurations   | |  1.0
Translocations | |  0.4

Action                   || total
-------------------------++-------
Melee: Unarmed           ||     7
       Tailslap          ||     4
       Mace              ||    20
 Cast: Shock             ||    85
Armor: Skin              ||    25
Dodge: Dodged            ||    27
